 Dungeon Crawl Stone Soup version 0.27-a0-1191-g601b473118 (webtiles) character file.

Game seed: 15274510716398012470

2284 siradein the Grappler (level 9, -3/83 HPs)
             Began as a Troll Monk on May 24, 2021.
             Slain by a killer bee (5 damage)
             ... on level 6 of the Dungeon.
             The game lasted 00:16:48 (4749 turns).

siradein the Grappler (Troll Monk)                  Turns: 4749, Time: 00:16:50

Health: -3/83      AC:  4    Str: 24    XL:     9   Next: 17%
Magic:  8/8        EV: 11    Int:  6    God:
Gold:   306        SH:  5    Dex: 18    Spells: 8/8 levels left

rFire    . . .     SeeInvis .     - Unarmed
rCold    + . .     Faith    .   (no shield)
rNeg     . . .     Spirit   .   a - +0 robe
rPois    .         Reflect  +   (helmet restricted)
rElec    .         Harm     .   (no cloak)
rCorr    .         Rampage  .   (gloves unavailable)
Will     .....                  (boots unavailable)
Stlth    ++........             A - amulet of reflection
HPRegen  1.23/turn              d - ring of protection from cold
MPRegen  0.11/turn              f - +6 ring of dexterity

@: lethally poisoned (-3 -> -9)
A: large, unfitting armour, claws 3, regeneration 1, shaggy fur 1, tough skin 1
a: no special abilities


You were on level 6 of the Dungeon.
You visited 2 branches of the dungeon, and saw 8 of its levels.
You also visited: Sewer.

You collected 306 gold pieces.

Inventory:

Hand Weapons
 y - the +7 Singing Sword {vorpal, sonic wave}
   (You found it on level 6 of the Dungeon)

   It inflicts extra damage upon your enemies.
Missiles
 e - 22 poisoned darts (quivered)
Armour
 a - a +0 robe (worn)
Jewellery
 d - a ring of protection from cold (left claw)
 f - a +6 ring of dexterity (right claw)
 A - an amulet of reflection (around neck)
Wands
 n - a wand of flame (15)
Scrolls
 b - 5 scrolls of identify
 g - 6 scrolls of teleportation {unknown}
 h - 2 scrolls of enchant weapon {unknown}
 j - 2 scrolls of fear {unknown}
 k - a scroll of noise {unknown}
 m - a scroll of fog {unknown}
 o - a scroll of amnesia {unknown}
 s - a scroll of blinking {unknown}
 t - a scroll of silence {unknown}
 u - a scroll of vulnerability {unknown}
 z - 2 scrolls of enchant armour {unknown}
 B - a scroll of brand weapon {unknown}
Potions
 c - 4 potions of attraction
 i - a potion of curing
 l - 2 potions of flight
 p - 3 potions of mutation
 r - a potion of heal wounds
 v - a potion of berserk rage {unknown}
 w - 2 potions of cancellation
 x - a potion of lignification {unknown}
Miscellaneous
 q - a phial of floods


   Skills:
 + Level 3.2 Fighting
 + Level 0.2 Long Blades
 + Level 2.0 Throwing
 + Level 3.2 Dodging
 - Level 1.0 Stealth
 + Level 11.3 Unarmed Combat
 + Level 1.4 Evocations


You had 8 spell levels left.
You didn't know any spells.
Your spell library contained the following spells:

 Spells                   Type           Power      Damage    Failure   Level
 Foxfire                  Conj/Fire      0%         2x1d4     45%         1
 Conjure Flame            Conj/Fire      0%         6-21      83%         3
 Inner Flame              Hex/Fire       0%         N/A       83%         3
 Sticky Flame             Conj/Fire      0%         2d3       99%         4
 Fireball                 Conj/Fire      0%         3d3       100%        5


Dungeon Overview and Level Annotations

Branches:
Dungeon (7/15)             Temple (1/1) D:5           Sewer (visited)

Altars:
Cheibriados
Dithmenos
Elyvilon
Fedhas
Gozag
Hepliaklqana
Kikubaaqudgha
Nemelex Xobeh
Qazlal
Ru
Sif Muna
Trog
Uskayaw
Vehumet
Xom
Yredelemnul
Zin

Annotations:
D:6 exclusion: statue


Innate Abilities, Weirdness & Mutations

You are too large for most types of armour.
You have claws for hands.
Your natural rate of healing is unusually fast.
You are covered in fur. (AC +1)
You have tough skin. (AC +1)


Message History

There is a stone staircase leading down here.
You climb downwards.
The centaur shoots an arrow.
You reflect the arrow off an invisible shield around you!
The arrow hits the centaur.
The killer bee barely misses you. x2
The killer bee stings you.
You are poisoned.
The killer bee poisons you!
The centaur shoots an arrow.
The arrow hits you! The killer bee stings you. The killer bee stings you!
The centaur shoots an arrow.
The arrow hits you!
The killer bee buzzes angrily.
There is a stone staircase leading up, spattered with blood here.
You feel very sick. You block the killer bee's attack.
The killer bee barely misses you. You block the killer bee's attack.
The centaur shoots an arrow.
The arrow hits you. The killer bee stings you.
* * * LOW HITPOINT WARNING * * *
The killer bee stings you but does no damage.
You hear a shout!
You climb upwards.
Level annotation: exclusion: statue You feel very sick.
There is a stone staircase leading down here.
You feel better. The killer bee stings you!
* * * LOW HITPOINT WARNING * * *
You are poisoned.
The killer bee poisons you! The killer bee stings you.
* * * LOW HITPOINT WARNING * * *
You are more poisoned.
The killer bee poisons you! The killer bee stings you.
* * * LOW HITPOINT WARNING * * *
The killer bee stings you but does no damage.
The killer bee misses you.
The killer bee stings you but does no damage.
* * * LOW HITPOINT WARNING * * *
You feel very sick. The killer bee stings you!
* * * LOW HITPOINT WARNING * * *
The killer bee closely misses you. You block the killer bee's attack.
The killer bee stings you.
You die...

.......#.............(#
.................<....#
......................#
........##............#
..##....##............#
..##....##............#
####....##............#
........+......yy>....#
........##......@y....#
####....##............#
#.............##.#####
#.#########...##.# ##.#
......#...##.# #..#
8._...(...##.# #..#
.....#...##.#
#..#########...##.#
#..............##.#


You could see 3 killer bees.

Vanquished Creatures
  A water moccasin (Sewer)
  3 black bears
  An ice beast (D:5)
  3 orc warriors
  An ogre (D:5)
  A necrophage (D:5)
  A centaur (D:5)
  A gnoll sergeant (D:5)
  2 scorpions
  2 water moccasin skeletons
  A bullfrog zombie (D:5)
  2 centaur zombies (D:6)
  A hound (D:6)
  2 orc priests
  2 bullfrog skeletons
  A centaur skeleton (D:5)
  Terence (D:2)
  2 iguanas (D:5)
  9 orc wizards
  2 killer bee zombies
  A hound skeleton (D:5)
  Robin (D:2)
  9 gnolls
  11 adders
  A white imp (D:6)
  3 ufetubi
  An adder skeleton (D:4)
  5 worms
  2 dart slugs
  29 orcs
  5 endoplasms
  7 giant cockroaches
  6 goblins
  9 hobgoblins
  6 jackals
  2 quokkas
  3 ball pythons
  6 bats
  3 frilled lizards
  6 kobolds
  11 rats
166 creatures vanquished.

Notes
Turn   | Place    | Note
-------+----------+-------------------------------------------
     0 | D:1      | siradein the Troll Monk began the quest for the Orb.
     0 | D:1      | Reached XP level 1. HP: 22/22 MP: 0/0
   182 | D:1      | Found a faded altar of an unknown god.
   255 | D:1      | Reached XP level 2. HP: 29/29 MP: 1/1
   377 | D:1      | Reached skill level 4 in Unarmed Combat
   695 | D:2      | Noticed Terence
   699 | D:2      | Reached XP level 3. HP: 36/36 MP: 2/2
   705 | D:2      | Killed Terence
   857 | D:2      | Reached skill level 5 in Unarmed Combat
   857 | D:2      | Reached XP level 4. HP: 39/44 MP: 3/3
   885 | D:2      | Noticed Robin
   912 | D:2      | Killed Robin
  1510 | D:3      | Reached XP level 5. HP: 50/50 MP: 4/4
  1542 | D:3      | Noticed a black bear
  1552 | D:3      | Killed a black bear
  1553 | D:3      | Reached skill level 6 in Unarmed Combat
  1611 | D:3      | Reached XP level 6. HP: 43/59 MP: 5/5
  1635 | D:3      | Reached skill level 7 in Unarmed Combat
  2211 | D:4      | Found a glowing drain.
  2217 | Sewer    | Entered a sewer
  2293 | Sewer    | Noticed a water moccasin
  2301 | Sewer    | Killed a water moccasin
  2302 | Sewer    | Reached skill level 8 in Unarmed Combat
  2302 | Sewer    | Reached XP level 7. HP: 64/66 MP: 6/6
  2742 | D:5      | Entered Level 5 of the Dungeon
  2807 | D:5      | Reached skill level 9 in Unarmed Combat
  2983 | D:5      | Reached XP level 8. HP: 61/74 MP: 7/7
  2990 | D:5      | Reached skill level 10 in Unarmed Combat
  3503 | D:5      | Reached skill level 11 in Unarmed Combat
  3589 | D:5      | Found a staircase to the Ecumenical Temple.
  3603 | Temple   | Entered the Ecumenical Temple
  4044 | D:6      | Reached skill level 1 in Throwing
  4079 | D:6      | Reached skill level 1 in Evocations
  4166 | D:6      | Reached XP level 9. HP: 80/80 MP: 8/8
  4395 | D:6      | Found the +7 Singing Sword {vorpal, sonic wave}
  4526 | D:6      | Found a radiant altar of Vehumet.
  4749 | D:6      | HP: 2/83 [killer bee (8)]
  4749 | D:6      | Slain by a killer bee

Illustrated notes

Levels and vault maps discovered:
D:1:      saegor_arrival_simple_c, layout_basic,
          shapermc_ecumenical_altar_totnotflames
D:2:      layout_basic, uniq_terence, uniq_robin
D:3:      layout_rooms
D:4:      layout_rooms, lightli_sewer_entry_pipes
D:5:      layout_loops_ring, minmay_temple_entry_nine_rooms,
          grunt_ministairs_10, kennysheep_generic_room_3
D:6:      layout_basic, vehumet_statue, minmay_misc_feat_pillars
D:7:      layout_rooms, gammafunk_temple_overflow_pools, general_overflow_altar
Temple:   nicolae_temple_elliptical

Skill      XL: |  1  2  3  4  5  6  7  8  9 |
---------------+----------------------------+-----
Unarmed Combat | 4 5 6 8 9 11 | 11.3
Throwing       | 1 2 |  2.0
Evocations     | 1 |  1.4
Fighting       | 3 |  3.2
Dodging        | 3 |  3.2
Long Blades    | |  0.2
Stealth        | |  1.0

Action                   |  1- 3 |  4- 6 |  7- 9 || total
-------------------------+-------+-------+-------++-------
Melee: Unarmed           |    78 |   148 |   181 ||   407
       Punch             |       |     2 |    10 ||    12
       Double sword      |       |       |     6 ||     6
  Use: Scroll            |       |     3 |     3 ||     6
       Potion            |       |       |     1 ||     1
 Stab: Sleeping          |     2 |     2 |     5 ||     9
       Distracted        |       |       |     1 ||     1
Armor: Robe              |    19 |    35 |    50 ||   104
Dodge: Dodged            |    38 |    71 |    84 ||   193
Block: Other             |       |       |     6 ||     6
       Reflection        |       |       |     1 ||     1

Table legend: (Time is in decaauts)
 A = Elapsed time spent in this place.
 B = Non-inter-level travel time spent in this place.
 C = Inter-level travel time spent in this place.
 D = Time resting spent in this place.
 E = Time spent auto-exploring this place.
 F = Levels seen in this place.
 G = Mean time per level.
                   A        B        C        D        E       F      G
               +--------+--------+--------+--------+--------+-----+--------+
         Total |   4737 |   4575 |    162 |     13 |   3422 |   9 |  526.3 |
       Dungeon |   4432 |   4270 |    162 |     13 |   3220 |   7 |  633.1 |
        Temple |    149 |    149 |      0 |      0 |    118 |   1 |  149.0 |
         Sewer |    155 |    155 |      0 |      0 |     83 |   1 |  155.0 |
               +--------+--------+--------+--------+--------+-----+--------+

Top non-repeatable levels by time:
     D:5: 1078 daAuts
     D:2: 803 daAuts
     D:6: 743 daAuts
     D:3: 648 daAuts
     D:4: 583 daAuts
     D:1: 570 daAuts
   Sewer: 155 daAuts
  Temple: 149 daAuts
     D:7: 5 daAuts
